 Dungeon Crawl Stone Soup version 0.28-a0-1143-gcf6077d4cc (webtiles) character file.

Game seed: 17007924155316791246

48 spaghetti the Sneak (level 3, -2/29 HPs)
             Began as a Mummy Delver on Dec 14, 2021.
             Slain by a gnoll (5 damage)
             ... on level 4 of the Dungeon.
             The game lasted 00:01:10 (733 turns).

spaghetti the Sneak (Mummy Delver)                   Turns: 733, Time: 00:01:10

Health: -2/29      AC:  3    Str: 17    XL:     3   Next: 50%
Magic:  3/3        EV: 11    Int: 15    God:
Gold:   22         SH:  0    Dex: 13    Spells: 2/2 levels left

rFire   x . .      SeeInvis .   a - +0 falchion {long}
rCold   + . .      Faith    .   (no shield)
rNeg    + + +      Spirit   .   b - +0 leather armour
rPois   ∞          Reflect  .   (no helmet)
rElec   .          Harm     .   (no cloak)
rCorr   .          Rampage  .   (no gloves)
Will    .....                   (no boots)
Stlth   +++.......              (no amulet)
HPRegen 0.09/turn               g - +6 ring of intelligence
MPRegen 0.08/turn               (no ring)

@: no status effects
A: cold resistance 1, negative energy resistance 3, torment resistance 2, heat
vulnerability 1, no potions
a: no special abilities


You were on level 4 of the Dungeon.
You visited 1 branch of the dungeon, and saw 4 of its levels.

You collected 22 gold pieces.


Innate Abilities, Weirdness & Mutations

You are immune to poison.
Your flesh is cold resistant. (rC+)
You are immune to negative energy. (rN+++)
You are immune to unholy pain and torment.
You are vulnerable to heat. (rF-)
You do not drink.


   Skills:
 - Level 3.0 Fighting
 - Level 1.5 Long Blades
 - Level 1.5 Dodging
 + Level 5.2 Stealth


You had 2 spell levels left.
You didn't know any spells.
Your spell library was empty.

Inventory:

Hand Weapons
 a - a +0 falchion (weapon) {long}
Missiles
 h - 42 stones (quivered) {throwing}
Armour
 b - a +0 leather armour (worn)
Jewellery
 g - a +6 ring of intelligence (left hand)
   (You found it on level 6 of the Dungeon)
Wands
 f - a wand of digging (3)
Scrolls
 c - 2 scrolls of fog
 d - a scroll of magic mapping {!r}
 e - a scroll of fear

Dungeon Overview and Level Annotations

Branches:
Dungeon (7/15)
 Temple: D:4-7

Altars:

Annotations:
D:5 Dowan, Duvessa

#.# #.# #.# #.#
########.##################
...........................
##############.###.###...........
...........###.#...........).....
................@gg###...........
......####.###.###.# #...........
.................#.# ############
......####...#.#.#.# ......##
#...#.#)#.# ####...# #.#...#.#.#
#...# #.#.###.#.######## #...#
#.......#........+
##'######..####.########


You could see 2 gnolls.


Message History

You are too injured to fight recklessly!
You are too injured to fight recklessly!
You are too injured to fight recklessly!
You are too injured to fight recklessly!
You are too injured to fight recklessly!
You are too injured to fight recklessly!
You are too injured to fight recklessly!
You are too injured to fight recklessly!
You are too injured to fight recklessly!
You are too injured to fight recklessly!
You are too injured to fight recklessly!
Unknown command.
You hit the ball python.
You kill the ball python!
You start resting.
A goblin comes into view.
It is wielding a +0 dagger. 😮 HP[+1] 😮 HP[+1]
The goblin shouts!
The goblin misses you.
You closely miss the goblin. The goblin barely misses you.
The goblin hits you but does no damage.
You slash the goblin!
You kill the goblin!
c - 2 scrolls of fog (gained 1)
You now have 22 gold pieces (gained 13).
You see here a +0 dagger {short}.
You start resting. 😎 HP[+8]
Your hp is fully restored (29).
There is an open door here.
An endoplasm comes into view.
An endoplasm is nearby!
The endoplasm hits you but does no damage.
You hit the endoplasm but do no damage. The endoplasm freezes you.
You are frozen.
You resist. 😕 HP[-2]
You take 2 damage, and now have 27/29 hp.
You hit the endoplasm. The endoplasm freezes you.
You are frozen.
You resist.
You barely miss the endoplasm. The endoplasm barely misses you.
The endoplasm freezes you.
You are frozen.
You resist. 😕 HP[-1]
You take 1 damage, and now have 26/29 hp.
You hit the endoplasm.
You kill the endoplasm!
No target in view!
No target in view!
No target in view!
No target in view!
No target in view!
No target in view!
No target in view!
No target in view!
No target in view!
No target in view!
No target in view!
No target in view!
No target in view!
You see here a hobgoblin corpse.
Found a stone staircase leading up. 😎 HP[+3]
Your hp is fully restored (29).
A gnoll comes into view. It is wielding a +0 flail.
A gnoll is nearby!
A gnoll comes into view. It is wielding a +0 spear.
A gnoll comes into view. It is wielding a +0 club.
The gnoll moves out of view.
The gnoll shouts!
The gnoll shouts! x2
The gnoll hits you with a +0 club. 😕 HP[-5]
You take 5 damage, and now have 24/29 hp.
You slash the gnoll! The gnoll barely misses you.
You hit the gnoll.
You kill the gnoll!
The gnoll hits you with a +0 flail. The gnoll completely misses you.
The gnoll barely misses you. 😕 HP[-2]
You take 2 damage, and now have 22/29 hp.
You hit the gnoll but do no damage. The gnoll barely misses you.
The gnoll hits you with a +0 flail!
The gnoll hits you from afar with a +0 spear!
* * * LOW HITPOINT WARNING * * *
😨 HP[-14]
You take 14 damage, and now have 8/29 hp.
MASSIVE DAMAGE!! (PAUSE) Unknown command.
Okay, then.
You can't drink.
Okay, then. 😨 HP[+1]
There is a stone staircase leading up here.
The gnoll hits you with a +0 flail.
* * * LOW HITPOINT WARNING * * *
The gnoll hits you from afar with a +0 spear.
You die...

Skill      XL: |  1 |
---------------+----+-----
Stealth        | 5 |  5.2
Fighting       | |  3.0
Long Blades    | |  1.5
Dodging        | |  1.5

Action                   || total
-------------------------++-------
Melee: Falchion          ||    28
  Use: Scroll            ||     2
Armor: Leather armour    ||    13
Dodge: Dodged            ||    22

Levels and vault maps discovered:
D:4:      layout_basic, mainiacjoe_overflow_tiny_flanked, grunt_ministairs_6
D:5:      nicolae_BIG_FREAKIN_CUBE, layout_cave_pools, grunt_ministairs_12,
          grunt_decor_junction, minmay_diced_spiral, uniq_duvessa
D:6:      layout_gridville, mainiacjoe_overflow_chevrons,
          minmay_temple_entry_grid, ebering_ghost_sewer_d
D:7:      layout_basic, kennysheep_generic_room_2, uniq_pikel

Notes
Turn   | Place    | Note
-------+----------+-------------------------------------------
     0 | D:5      | spaghetti the Mummy Delver began the quest for the Orb.
     0 | D:5      | Reached XP level 1. HP: 18/18 MP: 1/1
     0 | D:5      | magus.rc [v1.9.6]
     9 | D:6      | Noticed an iguana
   223 | D:5      | Noticed Duvessa
   223 | D:5      | Noticed Dowan
   225 | D:5      | Noticed an ice beast
   233 | D:4      | Noticed an iguana
   502 | D:4      | Reached skill level 5 in Stealth
   502 | D:4      | Reached XP level 2. HP: 19/24 MP: 2/2
   502 | D:4      | Reached XP level 3. HP: 23/29 MP: 3/3
   733 | D:4      | HP: 3/29 [gnoll (6)]
   733 | D:4      | Slain by a gnoll

Vanquished Creatures
  A centaur zombie (D:4)
  A gnoll (D:4)
  A ball python (D:4)
  An endoplasm (D:4)
  2 giant cockroaches (D:4)
  A goblin (D:4)
  A hobgoblin (D:4)
8 creatures vanquished.

Table legend:
 A = Non-vault XP
 B = Vault XP
 C = Vault XP percentage of total XP
 D = Non-vault monster count
 E = Vault monster count
 F = Vault count percentage of total count
                 A         B        C        D         E       F
            +---------+---------+-------+---------+---------+-------
      Total |      69 |       0 |   0.0 |       8 |       0 |   0.0
            +---------+---------+-------+---------+---------+-------
        D:4 |      69 |       0 |   0.0 |       8 |       0 |   0.0
            +---------+---------+-------+---------+---------+-------

Illustrated notes

Table legend:
 A = Kills in this place as a percentage of kills in entire the game.
 B = Kills by you in this place as a percentage of kills by you in the entire game.
 C = Kills by friends in this place as a percentage of kills by friends in the entire game.
 D = Other kills in this place as a percentage of other kills in the entire game.
 E = Experience gained in this place as a percentage of experience gained in the entire game.
 F = Experience gained in this place divided by the number of levels of this place that you have seen.
                   A       B       C       D       E      F
               +-------+-------+-------+-------+-------+----------------------
         Total | 100.0 | 100.0 |   N/A |   N/A | 100.0 |  17.2
       Dungeon | 100.0 | 100.0 |   N/A |   N/A | 100.0 |  17.2
               +-------+-------+-------+-------+-------+----------------------

Table legend: (Time is in decaauts)
 A = Elapsed time spent in this place.
 B = Non-inter-level travel time spent in this place.
 C = Inter-level travel time spent in this place.
 D = Time resting spent in this place.
 E = Time spent auto-exploring this place.
 F = Levels seen in this place.
 G = Mean time per level.
                   A        B        C        D        E       F      G
               +--------+--------+--------+--------+--------+-----+--------+
         Total |    739 |    739 |      0 |    355 |    220 |   4 |  184.8 |
       Dungeon |    739 |    739 |      0 |    355 |    220 |   4 |  184.8 |
               +--------+--------+--------+--------+--------+-----+--------+

Top non-repeatable levels by time:
     D:4: 506 daAuts
     D:6: 215 daAuts
     D:5: 15 daAuts
     D:7: 1 daAuts
